 Dungeon Crawl Stone Soup version 0.31-a0-986-g5e6e4ef867 (webtiles) character file.

Game seed: 5154081045561365865

25846 avis the Spry (level 12, -10/62 HPs)
             Began as a Felid Shapeshifter on Nov 5, 2023.
             Was an Initiate of Gozag.
             Mangled by a large abomination (24 damage)
             ... on level 10 of the Dungeon on Nov 6, 2023.
             The game lasted 01:50:51 (18191 turns).

avis the Spry (Felid Shapeshifter)                 Turns: 18191, Time: 01:50:52

Health: -10/62     AC: 11    Str: 15    XL:     12   Next: 93%
Magic:  17/17      EV: 26    Int: 13    God:    Gozag
Gold:   2018       SH:  0    Dex: 19    Spells: 2/17 levels left
                                        Lives:  0   Deaths: 4

rFire   . .          .
                       - Unarmed
rCold   . . .        (shield unavailable)
rNeg    . . .        (body armour unavailable)
rPois   .            (helmet unavailable)
rElec   .            (cloak unavailable)
rCorr   .            (gloves unavailable)
SInv    +            (boots unavailable)
Will    +....        C - amulet of regeneration
Stlth   ++           B - +4 ring of slaying
HPRegen 1.10/turn    o - +5 ring of evasion
MPRegen 0.15/turn

%: no passive effects
@: snake-form
A: constrict, boosted hp, large, (claws 1), (fangs 3), see invisible, (speed 1),
(shaggy fur 3), (stealthy paws), no weapons or thrown items, no armour,
multi-lived
a: Begin Untransformation, Renounce Religion, Potion Petition, Call Merchant,
Bribe Branch


You were on level 10 of the Dungeon.
You worshipped Gozag.
Gozag was most pleased with you.
You were an enormous anaconda.
You visited 3 branches of the dungeon, and saw 15 of its levels.
You also visited: Bailey.

You collected 3741 gold pieces.
You spent 876 gold pieces at shops.
You paid 847 gold pieces to Gozag.

Inventory:

Jewellery
 b - a ring of protection from cold
 e - the amulet "Usoubuos" {-Cast Regen+ rCorr Slay+2}
   (You found it on level 11 of the Dungeon)

   [amulet of regeneration]

   Slay+2:    It affects your accuracy & damage with ranged weapons and melee
   (+2).
   -Cast:     It prevents spellcasting.
   Regen+:    It increases your rate of health regeneration.
   rCorr:     It protects you from acid and corrosion.
 o - a +5 ring of evasion (right hand)
 B - a +4 ring of slaying (left hand)
 C - an amulet of regeneration (around neck)
 H - a ring of poison resistance
Talismans
 f - a flux talisman
 s - a serpent talisman (active)
Wands
 c - a wand of flame (31)
 q - a wand of mindburst (16)
 u - a wand of roots (5)
 w - a wand of paralysis (7)
 y - a wand of polymorph (10)
Scrolls
 d - 5 scrolls of poison
 g - 3 scrolls of teleportation {unknown}
 i - 6 scrolls of enchant weapon {unknown}
 j - a scroll of silence {unknown}
 l - a scroll of revelation
 r - 2 scrolls of fear {unknown}
 t - 3 scrolls of amnesia {unknown}
 D - 2 scrolls of acquirement {unknown}
 F - a scroll of fog {unknown}
Potions
 a - a potion of lignification
 h - 3 potions of enlightenment
 n - a potion of cancellation
 x - 2 potions of haste
 z - a potion of brilliance
 E - a potion of might
Miscellaneous
 k - a phantom mirror


   Skills:
 - Level 6.0 Fighting
 - Level 18.0 Dodging
 - Level 3.0 Unarmed Combat
 - Level 3.0 Spellcasting
 - Level 4.0 Transmutations
 - Level 6.0 Ice Magic
 * Level 14.0 Shapeshifting


You had 2 spell levels left.
You knew the following spells:

 Your Spells              Type           Power      Damage    Failure   Level
e - Wereblood             Tmut           12%        N/A       7%          2
o - Ozocubu's Armour      Ice            17%        N/A       6%          3
u - Dispel Undead         Necr           1%         3d6       92%         4
D - Death Channel         Necr           0%         N/A       100%        6

Your spell library contained the following spells:

 Spells                   Type           Power      Damage    Failure   Level
 Necrotise                Necr           4%         1d4       22%         1
 Cigotuvi's Dreadful Rot  Necr/Pois/Air  2%         N/A       34%         2
 Sublimation of Blood     Necr           1%         N/A       34%         2
 Dazzling Flash           Conj/Hex       2%         N/A       56%         3
 Stone Arrow              Conj/Erth      2%         3d7       56%         3
 Vampiric Draining        Necr           1%         2d6       56%         3
 Metabolic Englaciation   Hex/Ice        4%         N/A       88%         5
 Agony                    Necr           1%         N/A       99%         5
 Silence                  Hex/Air        0%         N/A       99%         5
 Ozocubu's Refrigeration  Ice            8%         4d9       100%        7
 Summon Hydra             Summ           0%         N/A       100%        7
 Lehudib's Crystal Spear  Conj/Erth      0%         10d2      100%        8
 Animate Armour           Summ/Erth      Unusable   N/A       N/A         4
 Simulacrum               Ice/Necr       Unusable   N/A       N/A         6

Dungeon Overview and Level Annotations

Branches:
Dungeon (11/15)            Temple (1/1) D:5            Lair (3/5) D:11
 Spider (0/4) Lair:3       Bailey (visited)
  Swamp: Lair:2-3    Shoals: Lair:2-3       Orc: D:9-12

Altars:
Ashenzari
Cheibriados
Dithmenos
Elyvilon
Fedhas
Gozag
Hepliaklqana
Kikubaaqudgha
Makhleb
Nemelex Xobeh
Okawaru
Qazlal
Ru
Sif Muna
Trog
Uskayaw
Vehumet
Wu Jian
Xom
Yredelemnul
Zin
The Shining One
Lugonu

Shops:
D:3 *   Lair:1 ?

Annotations:
Lair:1 3 runed translucent doors, Fannar; Vomitron's ghost, journeyman SpEn; jestert79's ghost, journeyman MiSh
Lair:2 2 transporters
Lair:3 Nessos


Innate Abilities, Weirdness & Mutations

You are an enormous anaconda.
You have a powerful constriction melee attack.
Your maximum health is increased.
((You have sharp claws.))
((You have razor-sharp teeth.))
You have supernaturally acute eyesight. (SInv)
((You cover ground quickly. (Speed+)))
((Your thick and shaggy fur keeps you warm. (AC +3, rC+)))
((Your paws help you pounce on unaware monsters.))
You are incapable of wielding weapons or throwing items.
You cannot wear armour.
You gain extra lives every three experience levels.


Message History

The small abomination is lightly damaged.
You constrict the small abomination. The small abomination misses you.
You hit the small abomination.
The small abomination is moderately damaged.
You constrict the small abomination. The small abomination misses you.
You lash the small abomination!
The small abomination is almost destroyed.
You constrict the small abomination, but do no damage.
The small abomination misses you.
You lash the small abomination!
You destroy the small abomination!
You now have 2018 gold pieces (gained 16).
There is a transporter landing site, spattered with blood here.
You start resting.
HP restored.
The small abomination is distracted by your dazzling golden aura.
There is a transporter here.
You enter the transporter and appear at another place.
The raiju bursts into living lightning!
The living lightning misses you.
The raiju blinks!
You barely miss the raiju. You grab the raiju. You constrict the raiju.
The raiju completely misses you. The large abomination hits you!!
You release your grip on the raiju.
The large abomination hits you!!
* * * LOW HITPOINT WARNING * * *
There is a corrupted altar of Lugonu, spattered with blood here.
The raiju bursts into living lightning!
The living lightning hits you!
* * * LOW HITPOINT WARNING * * *
The raiju blinks!
The large abomination attacks as it pursues you!
The large abomination barely misses you.
The large abomination completely misses you.
The raiju stops to sniff the ground.
The large abomination attacks as it pursues you!
The large abomination barely misses you.
There is a transporter here.
You enter the transporter and appear at another place.
The large abomination hits you!!
You die...
Your body crumbles into a pile of gold.

.........#"...##©##h...#
.........###...###...###
..#.......###.......##
..##........##.....##
..###........#.._..# .##
##......##.....##
.#####..#.###...©...##
........####...###...# #
..####...#[#..##S##..#.#
..##..##.#..###X.x###.)#
.>.[...#.##..##...##..##
...)##..#.####.....# #
....#............###
...##.....########
...###.#### ...# ###
####


You could see a large abomination and a small abomination.

Vanquished Creatures
  A hydra (D:11)
  4 two-headed ogres
  An ogre mage (D:11)
  2 centaur warriors (D:11)
  A deep troll (Lair:1)
  2 ugly things
  2 manticores (D:11)
  A cyclops (D:11)
  A black mamba (Lair:1)
  Joseph (D:7)
  A cane toad (Lair:1)
  Jeremiah (D:8)
  2 unseen horrors (D:11)
  A rime drake (Lair:3)
  8 komodo dragons
  A kobold demonologist (D:11)
  A komodo dragon (shapeshifter) (D:11)
  2 trolls
  A polar bear (Lair:1)
  A hornet (D:8)
  Grinder (D:6)
  A raiju (shapeshifter) (D:11)
  A raiju (D:10)
  A glass eye (shapeshifter) (D:11)
  4 shadows (D:11)
  Sigmund (D:2)
  4 wyverns
  A basilisk (D:11)
  A wraith (D:11)
  20 yaks
  3 redbacks (Lair:3)
  A steam dragon (D:4)
  4 vampire mosquitoes (D:10)
  2 acid dragons (D:11)
  Edmund (D:5)
  Duvessa (D:6)
  12 orc warriors
  4 water moccasins
  2 sky beasts
  5 black bears
  An ice beast (D:8)
  4 centaurs
  3 ogres
  2 small abominations (D:10)
  7 kobold brigands
  11 bullfrogs
  A gnoll sergeant (D:9)
  4 scorpions
  8 wights
  Dowan (D:6)
  3 killer bees
  10 howler monkeys
  A jelly (D:5)
  3 gnoll boudas
  4 hounds
  8 orc priests
  3 sleepcaps
  4 iguanas
  7 orc wizards
  19 gnolls
  9 adders
  A shadow imp (D:7)
  A white imp (D:8)
  2 worms
  4 dart slugs
  37 orcs
  4 bats
  7 endoplasms
  A giant cockroach (D:1)
  7 goblins
  3 hobgoblins
  7 jackals
  7 quokkas
  8 ball pythons
  4 frilled lizards
  22 kobolds
  8 rats
341 creatures vanquished.

Vanquished Creatures (others)
  A manticore (D:11)
  A polar bear (Lair:3)
  A bullfrog (Lair:3)
3 creatures vanquished.

Grand Total: 344 creatures vanquished

Notes
Turn   | Place    | Note
-------+----------+-------------------------------------------
     0 | D:1      | avis the Felid Shapeshifter began the quest for the Orb.
     0 | D:1      | Reached XP level 1. HP: 9/9 MP: 2/2
   154 | D:1      | Reached skill level 3 in Dodging
   154 | D:1      | Reached XP level 2. HP: 12/12 MP: 3/3
   401 | D:1      | Found a faded altar of an unknown god.
   698 | D:2      | Reached XP level 3. HP: 16/16 MP: 4/4
   805 | D:2      | Reached skill level 4 in Dodging
  1068 | D:2      | Reached XP level 4. HP: 19/19 MP: 5/5
  1227 | D:2      | Noticed Sigmund
  1679 | D:3      | Reached skill level 5 in Dodging
  1694 | D:3      | Found Poefocej's Assorted Antiques.
  1856 | D:3      | Found a shimmering altar of Xom.
  2193 | D:3      | Reached XP level 5. HP: 22/22 MP: 6/6
  2624 | D:4      | Reached skill level 5 in Shapeshifting
  2848 | D:4      | Noticed a black bear
  3049 | D:4      | Found a burning altar of Makhleb.
  3049 | D:4      | Noticed an Executioner
  3127 | D:4      | Gained mutation: You are covered in thick fur. (AC +2)
                  | [Felid growth]
  3127 | D:4      | Reached XP level 6. HP: 15/28 MP: 7/7
  3234 | D:4      | Reached skill level 6 in Dodging
  3665 | D:4      | Reached skill level 7 in Dodging
  3834 | D:4      | Reached XP level 7. HP: 17/31 MP: 8/8
  4006 | D:4      | Learned a level 2 spell: Wereblood
  4010 | D:4      | Learned a level 3 spell: Ozocubu's Armour
  4044 | D:5      | Entered Level 5 of the Dungeon
  4236 | D:5      | Noticed a steam dragon
  4392 | D:4      | Killed a steam dragon
  4615 | D:4      | Reached skill level 8 in Dodging
  4860 | D:5      | Reached XP level 8. HP: 30/34 MP: 9/9
  4988 | D:5      | Noticed Edmund
  5000 | D:5      | Killed Edmund
  5001 | D:5      | Reached skill level 9 in Dodging
  5132 | D:5      | Identified the +5 ring mail of the Shoals {rPois rN+}
  5299 | D:5      | Found a blossoming altar of Fedhas.
  5387 | D:5      | Found a staircase to the Ecumenical Temple.
  5398 | Temple   | Entered the Ecumenical Temple
  5406 | Temple   | Became a worshipper of Gozag Ym Sagoz the Greedy
  5471 | D:6      | Noticed Grinder
  5485 | D:6      | Killed Grinder
  5512 | D:6      | Reached skill level 10 in Dodging
  5850 | D:6      | Reached skill level 11 in Dodging
  6379 | D:6      | Reached skill level 1 in Ice Magic
  6379 | D:6      | Reached XP level 9. HP: 39/39 MP: 10/10
  6391 | D:6      | Reached skill level 1 in Transmutations
  6728 | D:6      | Reached skill level 1 in Spellcasting
  6777 | D:6      | Reached skill level 12 in Dodging
  6939 | D:6      | Noticed Duvessa
  6939 | D:6      | Noticed Dowan
  6968 | D:6      | Killed Duvessa
  6976 | D:6      | Killed Dowan
  7612 | D:7      | Noticed a troll
  7621 | D:7      | Killed a troll
  7726 | D:7      | Reached skill level 13 in Dodging
  7757 | D:7      | Found a glowing silver altar of Zin.
  8206 | D:7      | Reached skill level 5 in Ice Magic
  8206 | D:7      | Reached XP level 10. HP: 42/42 MP: 11/14
  8271 | D:7      | Noticed Joseph
  8287 | D:7      | Mangled by Joseph
  8311 | D:7      | Killed Joseph
  8312 | D:7      | Reached skill level 5 in Fighting
  8646 | D:8      | Noticed Jeremiah
  8769 | D:8      | Killed Jeremiah
  9960 | D:9      | Found a flagged portal.
  9979 | Bailey   | Entered a bailey
 10008 | Bailey   | Reached skill level 10 in Shapeshifting
 10455 | Bailey   | Found an iron altar of Okawaru.
 10867 | D:9      | Reached XP level 11. HP: 47/47 MP: 12/16
 11024 | D:9      | Found a glowing golden altar of the Shining One.
 11024 | D:9      | Found a shimmering blue altar of Sif Muna.
 11030 | D:9      | Found a shadowy altar of Dithmenos.
 11032 | D:9      | Found a white marble altar of Elyvilon.
 11034 | D:9      | Found a radiant altar of Vehumet.
 11338 | D:9      | Found a sacrificial altar of Ru.
 11410 | D:9      | Found an ancient bone altar of Kikubaaqudgha.
 11658 | D:10     | Entered Level 10 of the Dungeon
 11812 | D:10     | Noticed a two-headed ogre
 11851 | D:10     | Demolished by a two-headed ogre
 11886 | D:10     | Killed a two-headed ogre
 11887 | D:10     | Reached skill level 14 in Dodging
 11939 | D:10     | Found a bloodstained altar of Trog.
 12018 | D:10     | Found a transporter.
 12020 | D:10     | Noticed a purple ugly thing
 12021 | D:10     | Found a transporter.
 12022 | D:10     | Found a corrupted altar of Lugonu.
 12332 | D:10     | Reached skill level 15 in Dodging
 12721 | D:11     | Found a staircase to the Lair.
 12985 | D:11     | Found a runed translucent door.
 12987 | D:11     | Found a runed translucent door.
 12987 | D:11     | Noticed a centaur warrior
 13019 | D:11     | Identified the +5 shortbow of the Mauling Badger {drain,
                  | rPois rN+ Str-4}
 13499 | D:3      | Bought a tubular golden ring for 135 gold pieces
 13499 | D:3      | Bought 2 viscous emerald potions for 48 gold pieces
 13499 | D:3      | Bought a wand of paralysis (4) for 259 gold pieces
 13570 | D:2      | Killed Sigmund
 13972 | Lair:1   | Entered Level 1 of the Lair of Beasts
 14392 | Lair:1   | Found a runed translucent gate.
 14392 | Lair:1   | Found a runed translucent gate.
 14392 | Lair:1   | Found a runed translucent gate.
 14396 | Lair:1   | Noticed Vomitron's ghost (journeyman SpEn)
 14396 | Lair:1   | Noticed jestert79's ghost (journeyman MiSh)
 15041 | Lair:1   | Bought a scroll of butterflies for 60 gold pieces
 15041 | Lair:1   | Bought a scroll of identify for 30 gold pieces
 15041 | Lair:1   | Bought a scroll of immolation for 60 gold pieces
 15041 | Lair:1   | Bought a scroll of poison for 60 gold pieces
 15041 | Lair:1   | Bought a scroll of revelation for 112 gold pieces
 15041 | Lair:1   | Bought a scroll of enchant armour for 112 gold pieces
 15169 | Lair:1   | Noticed a deep troll
 15181 | Lair:1   | Killed a deep troll
 15270 | Lair:1   | Learned a level 4 spell: Dispel Undead
 15277 | Lair:1   | Learned a level 6 spell: Death Channel
 15281 | Lair:2   | Found a transporter.
 15283 | Lair:2   | Noticed a death yak
 15286 | Lair:2   | Found a transporter.
 15331 | Lair:2   | Reached skill level 16 in Dodging
 15550 | Lair:2   | You fall into a shaft and drop 1 floor!
 15584 | Lair:3   | Gained mutation: Your thick and shaggy fur keeps you warm.
                  | (AC +3, rC+) [Felid growth]
 15584 | Lair:3   | Reached XP level 12. HP: 51/51 MP: 17/17
 15885 | Lair:3   | Noticed Nessos
 15903 | Lair:3   | Shot with an arrow by Nessos
 16060 | Lair:3   | Found a hole to the Spider Nest.
 16076 | Lair:3   | Reached skill level 17 in Dodging
 16247 | Lair:2   | Noticed Fannar
 16726 | D:11     | Killed a centaur warrior
 16839 | D:11     | Noticed a two-headed ogre
 16850 | D:11     | Killed a two-headed ogre
 16851 | D:11     | Reached skill level 18 in Dodging
 16936 | D:11     | Noticed a two-headed ogre
 16945 | D:11     | Killed a two-headed ogre
 16973 | D:11     | Noticed a two-headed ogre
 16982 | D:11     | Killed a two-headed ogre
 17188 | D:11     | Noticed an ogre mage
 17208 | D:11     | Killed an ogre mage
 17220 | D:11     | Identified the +4 arbalest of True Grit {freeze, rPois rN++
                  | Will+ Dex-5}
 17220 | D:11     | Noticed a centaur warrior
 17228 | D:11     | Slain by a centaur warrior
 17228 | D:11     | Noticed a four-headed hydra
 17319 | D:11     | Killed a centaur warrior
 17388 | D:11     | Killed a four-headed hydra
 17404 | D:11     | Identified the +1 quarterstaff of Royalism {freeze, Fly
                  | rF+}
 17406 | D:11     | Identified the amulet "Usoubuos" {-Cast Regen+ rCorr
                  | Slay+2}
 18191 | D:10     | Mangled by a large abomination

Illustrated notes

Levels and vault maps discovered:
D:1:      erik_arrival_triangle_large, layout_basic,
          shapermc_ecumenical_altar_venn
D:2:      layout_basic, uniq_sigmund
D:3:      layout_basic, tgw_xom, serial_shops, shop_fountains
D:4:      layout_basic, makhleb_altar_promises_db,
          hangedman_abyss_or_decor_stagger, serial_bayou_lake_a
D:5:      layout_rooms, fedhas_altar_4, minmay_temple_entry_fiery, uniq_edmund
D:6:      layout_layer_cave, uniq_grinder, uniq_duvessa
D:7:      layout_loops_ring, zin_statuary, kennysheep_donut,
          nrook_loot_triangle, uniq_joseph
D:8:      nicolae_cairo_tiling_large_dashed, layout_basic, grunt_ministairs_11,
          uniq_jeremiah
D:9:      layout_irregular_city, kennysheep_mini_moat, lemuel_tele_altar,
          chequers_temple_overflow_minitemple, enter_bailey_3
D:10:     gammafunk_corrupted_shrine, layout_cave_pools,
          mainiacjoe_overflow_six_doors_small
D:11:     minmay_the_grid_triangle_9x9_rhombus_full
          [minmay_the_grid_triangle_9x9_flanged_cone,
          minmay_the_grid_triangle_9x9_alien,
          minmay_the_grid_triangle_9x9_tough_junction,
          minmay_the_grid_triangle_9x9_odd_lines,
          minmay_the_grid_triangle_9x9_empty,
          minmay_the_grid_triangle_9x9_minimal,
          minmay_the_grid_triangle_9x9_negative_grid,
          minmay_the_grid_triangle_9x9_prize_center], layout_gridville,
          lair_entry_dummy
Temple:   nicolae_temple_two_arcs
Lair:1:   dreamdust_cave_troll, layout_regular_city, gammafunk_ghost_cemetery
Lair:2:   layout_small_grid, mainiacjoe_shoals_entry_four_pools,
          nzn_ghost_randoct, infiniplex_staircase_pool_2, uniq_fannar
Lair:3:   cheibrodos_lair_river_kwai, layout_cave_pods, spider_nest_entry_webs,
          st_stairs_4, minmay_stone_trees_small, evilmike_ambush
          [evilmike_ambush_outer_basic, evilmike_ambush_inner_basic],
          uniq_gastronok, uniq_nessos

Skill      XL: |  1  2  3  4  5  6  7  8  9 10 11 12 |
---------------+-------------------------------------+-----
Dodging        | 3 4 5 7 8 11 13 16 18 | 18.0
Fighting       | 2 3 4 5 6 |  6.0
Shapeshifting  | 4 5 7 8 10 12 14 | 14.0
Ice Magic      | 1 5 6 |  6.0
Transmutations | 2 4 |  4.0
Spellcasting   | 2 3 |  3.0
Unarmed Combat | |  3.0

Action                     |  1- 3 |  4- 6 |  7- 9 | 10-12 || total
---------------------------+-------+-------+-------+-------++-------
  Melee: Unarmed           |    78 |   172 |   361 |   845 ||  1456
         Bite              |     6 |    12 |    59 |   123 ||   200
         Punch             |     3 |     3 |     1 |       ||     7
         Constrict         |       |       |       |    16 ||    16
   Cast: Ozocubu's Armour  |       |       |     3 |    83 ||    86
         Wereblood         |       |       |       |    20 ||    20
 Invoke: Call Merchant     |       |       |       |     1 ||     1
  Evoke: Wand              |       |       |       |    18 ||    18
    Use: Scroll            |       |     4 |     1 |     8 ||    13
         Potion            |       |       |     2 |     5 ||     7
   Stab: Sleeping          |     1 |     5 |     2 |       ||     8
         Distracted        |       |       |     2 |     2 ||     4
         Paralysed         |       |       |       |    13 ||    13
         Invisible         |       |       |       |     1 ||     1
 Armour: Skin              |    13 |    41 |    68 |   229 ||   351
  Dodge: Dodged            |    59 |   145 |   318 |  1010 ||  1532
   Form: Flux              |       |       |     1 |     1 ||     2
         Anaconda          |       |       |       |     2 ||     2

Table legend: (Time is in decaauts)
 A = Elapsed time spent in this place.
 B = Non-inter-level travel time spent in this place.
 C = Inter-level travel time spent in this place.
 D = Time resting spent in this place.
 E = Time spent auto-exploring this place.
 F = Levels seen in this place.
 G = Mean time per level.
                   A        B        C        D        E       F      G
               +--------+--------+--------+--------+--------+-----+--------+
         Total |  16029 |  13804 |   2225 |   3660 |   5394 |  16 | 1001.8 |
       Dungeon |  13150 |  11135 |   2015 |   2668 |   4755 |  11 | 1195.5 |
        Temple |     15 |     15 |      0 |      0 |      0 |   1 |   15.0 |
          Lair |   2389 |   2180 |    209 |    744 |    639 |   3 |  796.3 |
        Bailey |    474 |    474 |      0 |    248 |      0 |   1 |  474.0 |
               +--------+--------+--------+--------+--------+-----+--------+

Top non-repeatable levels by time:
     D:4: 1771 daAuts
     D:6: 1643 daAuts
  Lair:1: 1625 daAuts
    D:11: 1528 daAuts
     D:9: 1306 daAuts
     D:3: 1274 daAuts
     D:7: 1155 daAuts
     D:8: 1084 daAuts
    D:10: 966 daAuts
     D:2: 931 daAuts
     D:5: 850 daAuts
     D:1: 637 daAuts
  Lair:3: 633 daAuts
  Bailey: 474 daAuts
  Lair:2: 130 daAuts
